 Dungeon Crawl Stone Soup version 0.20-a0-1026-gc3ddcbd (webtiles) character file.

64 dvd the Chiller (level 3, -2/24 HPs)
             Began as a Demonspawn Ice Elementalist on Apr 20, 2017.
             Slain by a goblin (3 damage)
             ... led by Robin
             ... on level 2 of the Dungeon.
             The game lasted 00:03:58 (1369 turns).

dvd the Chiller (Demonspawn Ice Elementalist)       Turns: 1369, Time: 00:03:58

Health: -2/24      AC:  0    Str:  8    XL:     3   Next: 91%
Magic:  3/7        EV: 12    Int: 17    God:
Gold:   98         SH:  0    Dex: 17    Spells: 1/7 levels left

rFire    . . .     SeeInvis .   d - +0 hand axe
rCold    . . .     Gourm    +   (no shield)
rNeg     . . .     Faith    .   j - -1 leather armour (curse)
rPois    .         Spirit   .   (no helmet)
rElec    .         Reflect  .   (no cloak)
rCorr    .         Harm     .   (no gloves)
MR       .....                  (no boots)
Stlth    +++.......             o - amulet of the gourmand
Regen    0.1/turn               (no ring)
MPRegen  0.1/turn               (no ring)

@: no status effects
A: thin skeletal structure 2, deformed body, sense surroundings 1
a: no special abilities


You were on level 2 of the Dungeon.
You were not hungry.

You visited 1 branch of the dungeon, and saw 2 of its levels.

You collected 98 gold pieces.

Inventory:

Hand Weapons
 d - a +0 hand axe (weapon)
 g - a +0 dagger
Armour
 a - a +0 robe
 j - a cursed -1 leather armour (worn)
Jewellery
 k - an uncursed amulet of faith
 o - an amulet of the gourmand (around neck)
Scrolls
 f - a scroll of recharging {unknown}
 h - 3 scrolls of remove curse {unknown}
 l - a scroll of enchant armour {unknown}
 n - a scroll of identify {unknown}
 r - a scroll of teleportation {unknown}
Potions
 e - a potion of mutation
 i - 2 potions of heal wounds {unknown}
 m - 2 potions of curing {unknown}
Books
 b - a book of Frost

   Spells                             Type                      Level
   a - Freeze                         Ice                          1
   b - Throw Frost                    Conjuration/Ice              2
   c - Ozocubu's Armour               Charms/Ice                   3
   d - Throw Icicle                   Conjuration/Ice              4
   e - Summon Ice Beast               Ice/Summoning                4
Comestibles
 c - a bread ration
 p - 2 fruits
 q - a meat ration


   Skills:
 + Level 1.1 Axes
 + Level 2.1 Dodging
 + Level 2.1 Stealth
 + Level 2.8 Spellcasting
 + Level 1.1 Conjurations
 + Level 3.1 Ice Magic


You had one spell level left.
You knew the following spells:

 Your Spells              Type           Power        Failure   Level  Hunger
a - Freeze                Ice            ##..         7%          1    #......
b - Throw Frost           Conj/Ice       #.....       16%         2    ##.....
c - Ozocubu's Armour      Chrm/Ice       #.......     38%         3    ###....


Dungeon Overview and Level Annotations

Branches:
Dungeon (2/15)

Altars:
Kikubaaqudgha

Annotations:
D:2 Jessica, Robin


Innate Abilities, Weirdness & Mutations

You have a moderately thin skeletal structure. (Dex +4, Stealth+)
Armour fits poorly on your strangely shaped body.
You passively map a small area around you.


Message History

Jessica grins evilly.
Jessica closely misses you.
The goblin unwields an uncursed hunting sling.
The goblin wields an uncursed dagger.
The goblin barely misses you. The goblin hits you.
* * * LOW HITPOINT WARNING * * *
Jessica hits you but does no damage.
The goblin shouts!
You hit Jessica.
Jessica is almost dead.
You hit the goblin but do no damage. You hit the goblin. The goblin hits you.
* * * LOW HITPOINT WARNING * * *
The goblin hits you but does no damage.
Jessica mumbles some strange words.
Jessica blinks!
It was a potion of mutation.
You feel extremely strange.
Your body twists and deforms.
You feel a strange attunement to the structure of the dungeons.
The goblin hits you.
You die...

#####..
#≈...≈#................
.......
#≈...≈#.....#.#.#......
#####.#
#≈...≈#...........#####
....#.#
#≈...≈#...........#####
......#
###.###........^.......
....... #.#
#....(...........
......., * #_#
#.......###...... .......
..#######g......###......
....#..
...@...g@g..............#
....#
.....gg########.........#
....# .......
#............... ....# ,
....g.. #......######...
.#### .......* #......#
#.[. ## ,, .......*
#......# #...
.......**#......# #... *
....... #.....[# #... , ,
#......# #...


You could see Robin, Jessica and 5 goblins.

Vanquished Creatures
  2 adders (D:2)
  A dart slug (D:2)
  A leopard gecko (D:1)
  3 bats (D:1)
  A bat zombie (D:2)
  3 giant cockroaches
  4 goblins
  6 hobgoblins
  3 jackals (D:1)
  4 frilled lizards
  7 kobolds
  3 rats (D:1)
  A rat zombie (D:2)
39 creatures vanquished.

Notes
Turn   | Place    | Note
-------+----------+-------------------------------------------
     0 | D:1      | dvd the Demonspawn Ice Elementalist began the quest for the Orb.
     0 | D:1      | Reached XP level 1. HP: 13/13 MP: 3/3
   231 | D:1      | Gained mutation: You have a somewhat thin skeletal structure. (Dex +2, Stealth) [demonic ancestry]
   231 | D:1      | Reached XP level 2. HP: 19/19 MP: 0/5
   461 | D:1      | Reached skill level 3 in Ice Magic
   607 | D:1      | Learned a level 2 spell: Throw Frost
   792 | D:2      | Found an ancient bone altar of Kikubaaqudgha.
   903 | D:2      | Gained mutation: You have a moderately thin skeletal structure. (Dex +4, Stealth+) [demonic ancestry]
   903 | D:2      | Reached XP level 3. HP: 24/24 MP: 2/6
   975 | D:2      | Learned a level 3 spell: Ozocubu's Armour
  1128 | D:2      | Reached skill level 1 in Axes
  1353 | D:2      | Noticed Jessica
  1356 | D:2      | Noticed Robin
  1368 | D:2      | HP: 1/24 [goblin[Robin] (2)]
  1369 | D:2      | Gained mutation: Armour fits poorly on your strangely shaped body. [potion of mutation]
  1369 | D:2      | Gained mutation: You passively map a small area around you. [potion of mutation]
  1369 | D:2      | Slain by a goblin

Vault maps used:
D:1:      matt_arrival_grand_opening, st_stairs_3
D:2:      lemuel_zombie_altar_kikubaaqudgha, serial_glass, glass_columns_c,
          glass_columns_b, serial_bayou_lagoon_a, uniq_jessica, uniq_robin

Skill      XL: |  1  2  3 |
---------------+----------+-----
Dodging        | 2 |  2.1
Ice Magic      | 3 |  3.1
Stealth        | 2 |  2.1
Axes           | 1 |  1.1
Spellcasting   | |  2.8
Conjurations   | |  1.1

Action                   || total
-------------------------++-------
Melee: Hand axe          ||    36
 Cast: Freeze            ||    38
       Throw Frost       ||     8
  Use: Potion            ||     1
 Stab: Sleeping          ||     3
  Eat: Chunk             ||     8
Armor: Robe              ||    12
       Leather armour    ||     4
Dodge: Dodged            ||    49
